 Dungeon Crawl Stone Soup version 0.32-a0-120-gfac0567ad4 (webtiles) character file.

Game seed: 4673340470791933677

4533 p00ps00p the Cleaver (level 10, -5/92 HPs)
             Began as a Hill Orc Fighter on Feb 7, 2024.
             Was an Initiate of Gozag.
             Slain by a two-headed ogre
             ... wielding a +0 giant club
              (14 damage)
             ... on level 8 of the Dungeon.
             The game lasted 00:16:08 (6435 turns).

p00ps00p the Cleaver (Hill Orc Fighter)             Turns: 6435, Time: 00:16:09

Health: -5/92      AC: 19    Str: 30    XL:     10   Next: 39%
Magic:  10/10      EV:  7    Int:  8    God:    Gozag
Gold:   363        SH:  6    Dex: 16    Spells: 9/9 levels left

rFire   . . .        u - +2 broad axe
rCold   . . .        c - +0 buckler
rNeg    . . .        w - +1 plate armour {rPois}
rPois   +            t - +0 helmet
rElec   .            v - +0 cloak
rCorr   .            p - +0 pair of gloves
SInv    .            (no boots)
Will    .....        (no amulet) Stlth
                     e - +6 ring of dexterity
HPRegen 0.35/turn    o - +6 ring of strength
MPRegen 0.12/turn

%: no passive effects
@: no status effects
A: no striking features
a: Renounce Religion, Potion Petition, Call Merchant, Bribe Branch


You were on level 8 of the Dungeon.
You worshipped Gozag.
Gozag was aware of your devotion.
You visited 2 branches of the dungeon, and saw 9 of its levels.

You collected 873 gold pieces.
You paid 510 gold pieces to Gozag.

Inventory:

Hand Weapons
 a - a +1 war axe
 u - a +2 broad axe (weapon)
Missiles
 b - 2 throwing nets (quivered)
Armour
 c - a +0 buckler (worn)
 p - a +0 pair of gloves (worn)
 t - a +0 helmet (worn)
 v - a +0 cloak (worn)
 w - a +1 plate armour of poison resistance (worn)
Jewellery
 e - a +6 ring of dexterity (left hand)
 o - a +6 ring of strength (right hand)
Wands
 g - a wand of digging (9)
 j - a wand of paralysis (7)
 s - a wand of flame (25)
Scrolls
 l - a scroll of immolation
 y - 2 scrolls of fog
Potions
 d - a potion of mutation
 f - 2 potions of brilliance
 h - a potion of degeneration
 i - a potion of resistance
 k - a potion of lignification {unknown}
 q - a potion of ambrosia {unknown}
 r - a potion of berserk rage {unknown}


   Skills:
 + Level 9.7 Fighting
 + Level 10.1 Axes
 + Level 8.8 Armour
 + Level 8.8 Shields


You had 9 spell levels left.
You didn't know any spells.
Your spell library contained the following spells:

 Spells                   Type           Power      Damage    Failure   Level
 Magic Dart               Conj           0%         1d3       98%         1
 Searing Ray              Conj           0%         2d4       99%         2
 Volatile Blastmotes      Fire/Tloc      0%         2d10      100%        3
 Fulminant Prism          Conj/Alch      0%         3d5       100%        4
 Iskenderun's Mystic Bla  Conj/Tloc      0%         2d3       100%        4
 Haunt                    Necr/Summ      0%         N/A       100%        7
 Infestation              Necr           0%         N/A       100%        8
 Animate Dead             Necr           Unusable   N/A       N/A         4

Dungeon Overview and Level Annotations

Branches:
Dungeon (8/15)             Temple (1/1) D:4
   Lair: D:8-11

Altars:
Ashenzari
Cheibriados
Elyvilon
Fedhas
Gozag
Makhleb
Nemelex Xobeh
Okawaru
Qazlal
Ru
Sif Muna
Trog
Vehumet
Wu Jian
Xom
Yredelemnul
Zin
The Shining One

Annotations:
D:1 2 transporters
D:5 2 transporters, AlmostDecent's ghost, novice GnIE
D:8 Jeremiah


Message History

You feel sick.
You feel sick.
You are no longer poisoned.
A two-headed ogre comes into view. It is wielding two +0 giant clubs.
A two-headed ogre is nearby!
Found a metallic purple potion.
You see here 6 gold pieces.
You hit the two-headed ogre.
The two-headed ogre is lightly wounded.
The two-headed ogre hits you with a +0 giant club!
The two-headed ogre closely misses you.
You slash the two-headed ogre!
The two-headed ogre is moderately wounded.
The two-headed ogre hits you with a +0 giant club!
The two-headed ogre barely misses you.
You slash the two-headed ogre!
The two-headed ogre is heavily wounded.
The two-headed ogre barely misses you. x2
You barely miss the two-headed ogre.
The two-headed ogre is heavily wounded.
You slash the two-headed ogre!
The two-headed ogre is severely wounded.
The two-headed ogre closely misses you.
The two-headed ogre hits you with a +0 giant club.
You hit the two-headed ogre.
The two-headed ogre is severely wounded.
The two-headed ogre hits you with a +0 giant club!! x2
* * * LOW HITPOINT WARNING * * *
You are too injured to fight recklessly!
You are too injured to fight recklessly!
Cleave: u) +2 broad axe
Press: ? - help, Dir - move target, f - two-headed ogre
Aim: a two-headed ogre, wielding two +0 giant clubs (severely wounded, about 21% to evade your +2 broad axe)
You barely miss the two-headed ogre.
The two-headed ogre is severely wounded.
The two-headed ogre hits you with a +0 giant club!
* * * LOW HITPOINT WARNING * * *
The two-headed ogre hits you with a +0 giant club!
You die...
Your body crumbles into a pile of gold.

##########.# #.#.......
#. #.# #.#..#....
##.########.# #.#..#....
#...........# #.#..#....
#...........# #.#..#....
.........$..# ..##....
#........$$$# ....+....
#...........#.###.##....
#..._..@......# #+
#..#.#O..........
..........#.##.
.!.........#.#
#...........#.#
#.##........# #
#.##..#### .. ..##


You could see a two-headed ogre.

Vanquished Creatures
  A cyclops (D:8)
  Joseph (D:7)
  Psyche (D:8)
  A komodo dragon (D:6)
  Sigmund (D:5)
  5 yaks (D:7)
  Duvessa (D:4)
  A water moccasin (D:6)
  An ice beast (D:6)
  2 sky beasts (D:7)
  An orc warrior (D:6)
  A black bear (D:7)
  An ogre (D:6)
  2 bullfrogs
  2 scorpions
  A gnoll sergeant (D:6)
  Dowan (D:4)
  8 wights
  4 killer bees (D:8)
  A bombardier beetle (D:4)
  2 jellies
  4 orc priests
  2 hounds
  4 sleepcaps
  Crazy Yiuf (D:5)
  4 iguanas
  2 orc wizards
  7 gnolls
  7 adders
  A shadow imp (D:6)
  2 ufetubi (D:6)
  2 ribbon worms (D:2)
  A dart slug (D:1)
  33 orcs
  8 ball pythons
  4 bats
  7 endoplasms
  2 giant cockroaches (D:3)
  3 hobgoblins
  2 quokkas (D:3)
  4 frilled lizards
  6 goblins
  8 kobolds
  4 rats
157 creatures vanquished.

Notes
Turn   | Place    | Note
-------+----------+-------------------------------------------
     0 | D:1      | p00ps00p the Hill Orc Fighter began the quest for the Orb.
     0 | D:1      | Reached XP level 1. HP: 19/19 MP: 1/1
   112 | D:1      | Reached skill level 3 in Axes
   112 | D:1      | Reached XP level 2. HP: 27/27 MP: 2/2
   479 | D:1      | Reached XP level 3. HP: 33/33 MP: 3/3
   942 | D:2      | Found a faded altar of an unknown god.
  1593 | D:3      | Reached XP level 4. HP: 40/40 MP: 4/4
  1610 | D:3      | Identified the ring "Koebikuy" {rCorr MP+9 Str+4 Int-3}
  1774 | D:3      | Found a sacrificial altar of Ru.
  2357 | D:4      | Found a blossoming altar of Fedhas.
  2372 | D:4      | Noticed Dowan
  2376 | D:4      | Reached skill level 4 in Axes
  2376 | D:4      | Reached XP level 5. HP: 37/47 MP: 5/5
  2380 | D:4      | Found a staircase to the Ecumenical Temple.
  2380 | D:4      | Noticed Duvessa
  2386 | D:4      | Killed Dowan
  2389 | D:4      | Reached skill level 5 in Fighting
  2389 | D:4      | Reached XP level 6. HP: 23/56 MP: 6/6
  2397 | D:4      | Killed Duvessa
  2398 | D:4      | Reached skill level 5 in Axes
  2428 | Temple   | Entered the Ecumenical Temple
  2444 | Temple   | Became a worshipper of Gozag Ym Sagoz the Greedy
  2780 | D:5      | Entered Level 5 of the Dungeon
  2782 | D:5      | Noticed Sigmund
  2788 | D:5      | Reached skill level 5 in Armour
  2788 | D:5      | Reached skill level 5 in Shields
  2788 | D:5      | Reached XP level 7. HP: 34/61 MP: 7/7
  3083 | D:5      | Killed Sigmund
  3190 | D:5      | Reached skill level 6 in Axes
  3265 | D:5      | Noticed AlmostDecent's ghost (novice GnIE)
  3277 | D:5      | Found a transporter.
  3404 | D:5      | Found a transporter.
  3489 | D:5      | Found a runed translucent door.
  3490 | D:5      | Noticed Crazy Yiuf
  3615 | D:5      | Killed Crazy Yiuf
  3723 | D:6      | Reached XP level 8. HP: 69/71 MP: 8/8
  4006 | D:6      | Noticed a komodo dragon
  4021 | D:6      | HP: 2/71 [komodo dragon (6)]
  4025 | D:6      | Killed a komodo dragon
  4026 | D:6      | Reached skill level 7 in Axes
  4273 | D:6      | Reached XP level 9. HP: 79/79 MP: 9/9
  4599 | D:7      | Reached skill level 8 in Axes
  4882 | D:7      | Noticed Joseph
  4893 | D:7      | Killed Joseph
  4929 | D:7      | Reached skill level 9 in Axes
  4931 | D:7      | HP: 3/82 [yak (13)]
  4942 | D:7      | Reached XP level 10. HP: 31/91 MP: 10/10
  5354 | D:7      | Found a glowing golden altar of the Shining One.
  5617 | D:8      | Noticed a cyclops
  5627 | D:8      | Killed a cyclops
  5791 | D:8      | Found a glowing silver altar of Zin.
  5828 | D:8      | Noticed Psyche
  5842 | D:8      | Killed Psyche
  5843 | D:8      | Reached skill level 10 in Axes
  6074 | D:8      | Noticed Jeremiah
  6386 | D:8      | Found an ornate altar of the Wu Jian Council.
  6425 | D:8      | Noticed a two-headed ogre
  6435 | D:8      | Slain by a two-headed ogre

Illustrated notes

Levels and vault maps discovered:
D:1:      spicycebolla_arrival_transporter_tutorial, layout_basic, st_stairs_8
D:2:      layout_basic, ebering_ecumenical_altar_webs, nrook_uturn,
          minmay_misc_feat_diagonals
D:3:      layout_basic, mainiacjoe_overflow_alcove_2
D:4:      layout_rooms, overflow_temple_1_default,
          minmay_temple_entry_sparse_star, uniq_duvessa
D:5:      layout_rooms, gammafunk_ghost_stat_death, uniq_crazy_yiuf_cottage,
          uniq_sigmund
D:6:      layout_rooms, minmay_misc_feat_more_columns
D:7:      layout_gridville, mainiacjoe_overflow_surrounded_room, uniq_joseph
D:8:      layout_basic, grunt_temple_overflow_diamond, serial_shops, shop,
          nicolae_kite_square_tiling_tiny, hangedman_feature_mirror, uniq_grum,
          uniq_psyche, uniq_jeremiah
Temple:   nicolae_temple_bog_church

Skill      XL: |  1  2  3  4  5  6  7  8  9 10 |
---------------+-------------------------------+-----
Axes           | 3 4 5 6 7 9 10 | 10.1
Fighting       | 4 5 6 7 9 |  9.7
Armour         | 4 5 6 8 |  8.8
Shields        | 4 5 6 8 |  8.8

Action                     |  1- 3 |  4- 6 |  7- 9 | 10-12 || total
---------------------------+-------+-------+-------+-------++-------
  Melee: War axe           |   106 |    76 |    52 |       ||   234
         Broad axe         |       |       |   144 |    89 ||   233
 Invoke: Potion Petition   |       |       |     2 |       ||     2
  Evoke: Wand              |       |       |     3 |     2 ||     5
    Use: Scroll            |     4 |     4 |     6 |     5 ||    19
         Potion            |       |     3 |     5 |       ||     8
   Stab: Distracted        |       |       |     2 |       ||     2
 Armour: Scale mail        |    59 |       |       |       ||    59
         Plate armour      |     8 |    92 |   206 |    80 ||   386
  Dodge: Dodged            |    35 |    31 |    67 |    31 ||   164
  Block: Buckler           |    28 |    25 |    66 |    21 ||   140

Table legend: (Time is in decaauts)
 A = Elapsed time spent in this place.
 B = Non-inter-level travel time spent in this place.
 C = Inter-level travel time spent in this place.
 D = Time resting spent in this place.
 E = Time spent auto-exploring this place.
 F = Levels seen in this place.
 G = Mean time per level.
                   A        B        C        D        E       F      G
               +--------+--------+--------+--------+--------+-----+--------+
         Total |   6561 |   6147 |    414 |    552 |   4376 |   9 |  729.0 |
       Dungeon |   6528 |   6145 |    383 |    552 |   4376 |   8 |  816.0 |
        Temple |     32 |      1 |     31 |      0 |      0 |   1 |   32.0 |
               +--------+--------+--------+--------+--------+-----+--------+

Top non-repeatable levels by time:
     D:7: 1029 daAuts
     D:6: 939 daAuts
     D:3: 869 daAuts
     D:8: 845 daAuts
     D:2: 812 daAuts
     D:4: 716 daAuts
     D:1: 682 daAuts
     D:5: 632 daAuts
  Temple: 32 daAuts
